 Dungeon Crawl Stone Soup version 0.30-a0-591-g3c58d2bc28 (webtiles) character file.

Game seed: 17090713845272131485

209 Citaku the Covered (level 5, -1/47 HPs)
             Began as a Minotaur Fighter on Jan 5, 2023.
             Slain by an orc priest
             ... wielding a +0 dagger
              (2 damage)
             ... on level 3 of the Dungeon.
             The game lasted 00:04:49 (2624 turns).

Citaku the Covered (Minotaur Fighter)               Turns: 2624, Time: 00:04:50

Health: -1/47      AC:  7    Str: 21    XL:     5   Next: 55%
Magic:  4/4        EV:  9    Int:  7    God:
Gold:   157        SH:  5    Dex: 15    Spells: 4/4 levels left

rFire   . . .      SeeInvis .    a - +0 war axe
rCold   . . .      Faith    +    c - +0 buckler
rNeg    . . .      Spirit   .    b - +0 scale mail
rPois   .          Reflect  .    (helmet restricted)
rElec   .          Harm     .    (no cloak)
rCorr   .          Rampage  .    (no gloves)
Will    .....                    (no boots) Stlth
                                 f - amulet of faith
HPRegen 0.27/turn                h - +6 ring of dexterity
MPRegen 0.09/turn                o - ring of flight

@: flying
A: horns 2, retaliatory headbutt
a: no special abilities


You were on level 3 of the Dungeon.
You visited 1 branch of the dungeon, and saw 3 of its levels.

You collected 157 gold pieces.

Inventory:

Hand Weapons
 a - a +0 war axe (weapon)
Armour
 b - a +0 scale mail (worn)
 c - a +0 buckler (worn)
Jewellery
 f - an amulet of faith (around neck)
 h - a +6 ring of dexterity (left hand)
 o - a ring of flight (right hand)
 p - a ring of positive energy
Wands
 w - a wand of polymorph (13)
Scrolls
 e - 4 scrolls of identify {unknown}
 g - a scroll of fear {unknown}
 i - a scroll of immolation {unknown}
 k - a scroll of fog {unknown}
 m - a scroll of poison {unknown}
 q - a scroll of enchant weapon {unknown}
 u - a scroll of blinking {unknown}
 v - a scroll of brand weapon {unknown}
Potions
 d - a potion of might
 j - 2 potions of brilliance {unknown}
 l - 2 potions of curing {unknown}
 n - a potion of invisibility {unknown}
 r - a potion of heal wounds {unknown}
 s - a potion of resistance {unknown}
 t - a potion of attraction {unknown}


   Skills:
 + Level 4.7 Fighting
 * Level 4.7 Axes
 * Level 5.6 Armour
 - Level 3.6 Shields


You had 4 spell levels left.
You didn't know any spells.
Your spell library contained the following spells:

 Spells                   Type           Power      Damage    Failure   Level
 Shock                    Conj/Air       0%         1d3       83%         1
 Blink                    Tloc           0%         N/A       93%         2
 Momentum Strike          Conj/Tloc      0%         3d8       93%         2
 Lesser Beckoning         Tloc           0%         N/A       99%         3
 Swiftness                Air            0%         N/A       99%         3
 Airstrike                Air            0%         2d(0-16)  100%        4


Dungeon Overview and Level Annotations

Branches:
Dungeon (3/15)

Altars:

Shops:
D:1 [


Innate Abilities, Weirdness & Mutations

You have a pair of horns on your head.
You reflexively headbutt those who attack you in melee.


Message History

You kill the orc!
You block the orc priest's attack.
You hit the orc priest but do no damage.
The orc priest invokes the aid of Beogh against you.
Beogh smites you!
You closely miss the orc priest.
The orc priest mumbles some strange prayers to Beogh against you.
Pain shoots through your body!
You closely miss the orc priest. Your headbutt misses the orc priest.
The orc priest hits you but does no damage.
You closely miss the orc priest.
The orc priest invokes the aid of Beogh against you.
Beogh smites you!
An orc priest comes into view. It is wielding a +0 dagger.
The orc priest hits you with a +0 dagger.
* * * LOW HITPOINT WARNING * * *
The orc priest moves out of view.
An orc comes into view. It is wielding a +0 hand axe.
You slash the orc priest!
You kill the orc priest!
The orc priest calls down the wrath of Beogh upon you.
Beogh smites you!
* * * LOW HITPOINT WARNING * * *
Things that are here:
a +0 dagger; a +0 club; an orc corpse You slash the orc!
You kill the orc!
The orc priest closely misses you.
Things that are here:
a +0 hand axe; an orc corpse You closely miss the orc priest.
You headbutt the orc priest.
The orc priest is moderately wounded.
An orc comes into view. It is wielding a +0 short sword.
The orc priest looks encouraged for a moment.
The orc priest hits you with a +0 dagger.
* * * LOW HITPOINT WARNING * * *
You barely miss the orc priest. You headbutt the orc priest!
The orc priest is severely wounded.
The orc priest hits you with a +0 dagger.
You die...

##.##### #.# #.#
#.#########
#####.........#
........†.....###
................
........######.#####.#
##............oo@)...#
...#####.#####.#####.#
.....###.#####.####
............†.....#
..........#..........#
............#####.##.#
.............. ...
..........#.#.# ###
#####.........#


You could see an orc priest and an orc.

Vanquished Creatures
  2 orc priests (D:3)
  An orc wizard (D:3)
  Robin (D:2)
  3 adders
  2 worms (D:2)
  A dart slug (D:3)
  3 orcs (D:3)
  5 bats
  8 endoplasms
  6 giant cockroaches
  12 goblins
  10 hobgoblins
  A jackal (D:2)
  4 kobolds
  A quokka (D:1)
  4 ball pythons
  5 frilled lizards
  8 rats
77 creatures vanquished.

Vanquished Creatures (others)
  A plant (D:3)
1 creature vanquished.

Grand Total: 78 creatures vanquished

Notes
Turn   | Place    | Note
-------+----------+-------------------------------------------
     0 | D:1      | Citaku the Minotaur Fighter began the quest for the Orb.
     0 | D:1      | Reached XP level 1. HP: 19/19 MP: 0/0
   181 | D:1      | Reached XP level 2. HP: 27/27 MP: 1/1
   188 | D:1      | Reached skill level 4 in Armour
   380 | D:1      | Found Juelosud's Antique Armour Emporium.
   694 | D:1      | Found a faded altar of an unknown god.
   783 | D:2      | Reached XP level 3. HP: 33/33 MP: 2/2
  1570 | D:2      | Noticed Robin
  1579 | D:2      | Reached XP level 4. HP: 36/40 MP: 3/3
  1582 | D:2      | Killed Robin
  2036 | D:3      | Reached skill level 5 in Armour
  2089 | D:3      | Reached XP level 5. HP: 30/47 MP: 4/4
  2304 | D:3      | Found a transporter.
  2326 | D:3      | Found a transporter.
  2349 | D:3      | Identified the +5 short sword of Xesch {protect, rElec}
  2620 | D:3      | HP: 2/47 [orc priest/divine providence (13)]
  2624 | D:3      | Slain by an orc priest

Illustrated notes

Levels and vault maps discovered:
D:1:      doesnt_arrival_eight_statues, layout_loops_ring, serial_shops,
          nicolae_shop_stone, shapermc_ecumenical_altar_mp_vishouse,
          minmay_misc_feat_columns, minmay_pentomino_z2
D:2:      layout_basic, roderic_serpentine_path, chequers_avenue,
          minmay_cut_off, uniq_robin
D:3:      gammafunk_wand_slinger, layout_basic

Skill      XL: |  1  2  3  4 |
---------------+-------------+-----
Armour         | 4 5 |  5.6
Axes           | 3 4 |  4.7
Fighting       | 4 |  4.7
Shields        | |  3.6

Action                   |  1- 3 |  4- 6 || total
-------------------------+-------+-------++-------
Melee: War axe           |    86 |    72 ||   158
       Headbutt          |    14 |    14 ||    28
Armor: Scale mail        |    32 |    33 ||    65
Dodge: Dodged            |    43 |    23 ||    66
Block: Buckler           |    24 |    17 ||    41

Table legend: (Time is in decaauts)
 A = Elapsed time spent in this place.
 B = Non-inter-level travel time spent in this place.
 C = Inter-level travel time spent in this place.
 D = Time resting spent in this place.
 E = Time spent auto-exploring this place.
 F = Levels seen in this place.
 G = Mean time per level.
                   A        B        C        D        E       F      G
               +--------+--------+--------+--------+--------+-----+--------+
         Total |   2678 |   2678 |      0 |      0 |   1982 |   3 |  892.7 |
       Dungeon |   2678 |   2678 |      0 |      0 |   1982 |   3 |  892.7 |
               +--------+--------+--------+--------+--------+-----+--------+

Top non-repeatable levels by time:
     D:2: 1292 daAuts
     D:1: 777 daAuts
     D:3: 608 daAuts
